 Dungeon Crawl Stone Soup version 0.26-a0-478-g6c97825307 (webtiles) character file.

Game seed: 17795107199834085160

39 Infinimo the Skirmisher (level 3, -5/24 HPs)
             Began as a Kobold Berserker on Aug 1, 2020.
             Was a Follower of Trog.
             Slain by a gnoll
             ... wielding a +0 club
              (8 damage)
             ... on level 2 of the Dungeon.
             The game lasted 00:01:11 (1677 turns).

Infinimo the Skirmisher (Kobold Berserker)          Turns: 1677, Time: 00:01:12

Health: -5/24      AC:  2    Str: 14    XL:     3   Next: 70%
Magic:  3/3        EV: 16    Int:  8    God:    Trog [*.....]
Gold:   54         SH:  0    Dex: 15    Spells: 2/2 levels left

rFire    . . .     SeeInvis .   a - +0 falchion
rCold    . . .     Faith    .   (shield restricted)
rNeg     . . .     Spirit   .   b - +0 animal skin
rPois    .         Reflect  .   (no helmet)
rElec    .         Harm     .   (no cloak)
rCorr    .                      (no gloves)
MR       .....                  (no boots)
Stlth    ++........             (no amulet)
HPRegen  0.08/turn              (no ring)
MPRegen  0.08/turn              (no ring)

@: no status effects
A: small, nightstalker 3
a: Berserk, Renounce Religion


You were on level 2 of the Dungeon.
You worshipped Trog.
Trog was aware of your devotion.
You visited 1 branch of the dungeon, and saw 2 of its levels.

You collected 54 gold pieces.

Inventory:

Hand Weapons
 a - a +0 falchion (weapon)
Armour
 b - a +0 animal skin (worn)
Scrolls
 c - 2 scrolls of identify {unknown}
 e - a scroll of noise {unknown}
 f - a scroll of amnesia {unknown}
 g - a scroll of remove curse {unknown}
Potions
 d - 2 potions of flight {unknown}


   Skills:
 + Level 3.7 Fighting
 * Level 3.1 Long Blades
 - Level 1.5 Armour
 + Level 3.0 Dodging


You had 2 spell levels left.
You didn't know any spells.
Your spell library was empty.

Dungeon Overview and Level Annotations

Branches:
Dungeon (2/15)

Altars:


Innate Abilities, Weirdness & Mutations

You are small and have problems with some larger weapons.
You are completely attuned to the shadows.


Message History

The bat is moderately wounded.
You riposte.
The bat is moderately wounded. 2 gnolls come into view.
A gnoll is wielding a +2 halberd of flaming.
You riposte.
The bat is moderately wounded.
You kill the bat!
Trog accepts your kill.
The gnoll hits you from afar with a +2 halberd of flaming.
The gnoll burns you.
The gnoll shouts!
You hear a shout!
A gnoll comes into view. It is wielding a +0 spear.
You riposte.
The gnoll hits you with a +2 halberd of flaming!
The gnoll burns you. The gnoll hits you with a +0 club!
* * * LOW HITPOINT WARNING * * *
There are monsters nearby!
The gnoll hits you with a +0 club!
You die...

.. #.# ########.#### .#
............########...
............†..........
.....###..)..†.......#....#
.....#
#####..##@....#......
.....# ##.##.g..........#
.....# #####...........#
.....# #..g........# .....#
#...........# .....#
#...####.### .....#
#.......g..# .....#
#......g...# ###.##
.......#


You could see 2 gnolls.

Vanquished Creatures
  An ooze (D:1)
  2 worms (D:2)
  A dart slug (D:2)
  A leopard gecko (D:2)
  A giant cockroach (D:2)
  5 goblins
  2 hobgoblins (D:1)
  A ball python (D:1)
  6 bats
  A frilled lizard (D:1)
  2 kobolds (D:2)
  2 rats (D:1)
25 creatures vanquished.

Notes
Turn   | Place    | Note
-------+----------+-------------------------------------------
     0 | D:1      | Infinimo the Kobold Berserker began the quest for the Orb.
     0 | D:1      | Reached XP level 1. HP: 14/14 MP: 1/1
   235 | D:1      | Reached XP level 2. HP: 19/19 MP: 2/2
  1017 | D:2      | Reached XP level 3. HP: 23/23 MP: 3/3
  1677 | D:2      | Slain by a gnoll

Illustrated notes

Levels and vault maps discovered:
D:1:      dpeg_arrival_round_a, layout_basic
D:2:      layout_basic, kennysheep_cross_bottleneck

Skill      XL: |  1  2  3 |
---------------+----------+-----
Long Blades    | 3 |  3.1
Dodging        | 3 |  3.0
Fighting       | |  3.7
Armour         | |  1.5

Action                   || total
-------------------------++-------
Melee: Falchion          ||    76
Invok: Berserk           ||     2
 Stab: Sleeping          ||     4
Armor: Animal skin       ||    12
Dodge: Dodged            ||    60
       Rpst.: Falchion   ||    19

Table legend: (Time is in decaauts)
 A = Elapsed time spent in this place.
 B = Non-inter-level travel time spent in this place.
 C = Inter-level travel time spent in this place.
 D = Time resting spent in this place.
 E = Time spent auto-exploring this place.
 F = Levels seen in this place.
 G = Mean time per level.
                   A        B        C        D        E       F      G
               +--------+--------+--------+--------+--------+-----+--------+
         Total |   1715 |   1684 |     31 |    255 |   1204 |   2 |  857.5 |
       Dungeon |   1715 |   1684 |     31 |    255 |   1204 |   2 |  857.5 |
               +--------+--------+--------+--------+--------+-----+--------+

Top non-repeatable levels by time:
     D:1: 953 daAuts
     D:2: 761 daAuts
